[ AOE2 MATCH · #507262385 ]
UnrankedMongols vs Wei
Player's team · WIN
Rival team · LOSS
[ REPLAY ANALYSIS · EXTRACTED FROM THE RECORDED GAME ]
Feudal
8:33
Castle
—
Imperial
—
| APM avg | 96.5 |
| APM peak | 217 |
| eAPM avg | 48.3 |
| Villagers / military | 41 / 9 |
Focus
⚔️ 63.9% · 🌾 36.1%
Scout Cavalry ×9
Feudal
9:24
Castle
—
Imperial
—
| APM avg | 49.0 |
| APM peak | 82 |
| eAPM avg | 20.3 |
| Villagers / military | 41 / 3 |
Focus
⚔️ 28.0% · 🌾 72.0%
Spearman ×3
Match map
Initial resources + every placement click. Lines = walls · curves = elevation contours. ◆ gold · ⬟ stone · ● berries · ✦ relic · ◌ wall gap
Your base· Open — opponent sealed themselves in
Beauvéro's base· ✓ Closed at 12:00 · 47t walls · no gate
Smoothed initial terrain · ◌ = detected wall gap · hover for details
Inputs per minute
— Iam_SoBad - - Beauvéro
Build order — Iam_SoBad
102 actions detected in the replay
| 0:00 | Queue | Villager (Male) |
| 0:00 | Queue | Villager (Male) |
| 0:01 | Queue | Villager (Male) |
| 0:01 | Queue | Villager (Male) |
| 0:01 | Queue | Villager (Male) |
| 0:02 | Build | House |
| 0:03 | Build | House |
| 1:24 | Queue | Villager (Male) |
| 1:50 | Build | Lumber Camp |
| 1:51 | Queue | Villager (Male) |
| 2:10 | Queue | Villager (Male) |
| 2:42 | Queue | Villager (Male) |
| 2:42 | Queue | Villager (Male) |
| 3:08 | Queue | Villager (Male) |
| 3:33 | Queue | Villager (Male) |
| 3:47 | Build | House |
| 3:56 | Queue | Villager (Male) |
| 3:56 | Queue | Villager (Male) |
| 4:03 | Build | Mill |
| 4:13 | Queue | Villager (Male) |
| 4:19 | Queue | Villager (Male) |
| 4:37 | Queue | Villager (Male) |
| 4:48 | Build | Palisade Wall |
| 5:03 | Build | Palisade Wall |
| 5:03 | Build | Palisade Wall |
| 5:04 | Build | Palisade Wall |
| 5:04 | Build | Palisade Wall |
| 5:06 | Build | Palisade Wall |
| 5:12 | Queue | Villager (Male) |
| 5:54 | Build | Palisade Gate |
| 6:06 | Build | Palisade Gate |
| 6:11 | Build | Palisade Wall |
| 6:12 | Build | Palisade Wall |
| 6:14 | Build | Palisade Wall |
| 6:17 | Research | Loom |
| 6:23 | Research | Feudal Age |
| 6:27 | Build | Palisade Wall |
| 6:57 | Queue | Villager (Male) |
| 7:32 | Build | Barracks |
| 7:41 | Build | House |
| 8:05 | Queue | Villager (Male) |
| 8:33 | Age | Feudal Age |
| 8:41 | Build | Stable |
| 9:03 | Queue | Villager (Male) |
| 9:16 | Build | Mill |
| 9:16 | Queue | Villager (Male) |
| 9:19 | Build | House |
| 9:28 | Queue | Scout Cavalry |
| 9:28 | Queue | Scout Cavalry |
| 9:28 | Queue | Scout Cavalry |
| 9:42 | Build | House |
| 9:43 | Build | House |
| 10:00 | Queue | Scout Cavalry |
| 10:08 | Queue | Villager (Male) |
| 10:22 | Queue | Villager (Male) |
| 10:28 | Queue | Villager (Male) |
| 10:28 | Queue | Villager (Male) |
| 10:59 | Build | Mining Camp |
| 11:00 | Research | Loom |
| 11:01 | Research | Loom |
| 11:09 | Queue | Villager (Male) |
| 11:10 | Build | Farm |
| 11:11 | Build | Farm |
| 11:11 | Build | Farm |
| 11:50 | Build | House |
| 11:51 | Build | House |
| 12:01 | Queue | Villager (Male) |
| 12:01 | Queue | Villager (Male) |
| 12:08 | Queue | Scout Cavalry |
| 12:08 | Queue | Scout Cavalry |
| 12:24 | Build | Watch Tower |
| 12:28 | Queue | Villager (Male) |
| 12:28 | Queue | Villager (Male) |
| 12:30 | Build | Farm |
| 12:34 | Build | Watch Tower |
| 12:49 | Build | Watch Tower |
| 12:58 | Queue | Villager (Male) |
| 12:59 | Build | Farm |
| 13:09 | Build | Blacksmith |
| 13:26 | Queue | Villager (Male) |
| 14:03 | Build | Farm |
| 14:03 | Build | Farm |
| 14:10 | Queue | Villager (Male) |
| 14:10 | Queue | Villager (Male) |
| 14:10 | Queue | Villager (Male) |
| 14:11 | Build | Farm |
| 14:15 | Research | Scale Barding Armor |
| 14:15 | Research | Scale Barding Armor |
| 14:22 | Queue | Villager (Male) |
| 14:25 | Build | Farm |
| 15:11 | Research | Fletching |
| 15:18 | Queue | Villager (Male) |
| 15:20 | Build | Farm |
| 15:28 | Build | Stone Wall |
| 15:29 | Build | Stone Wall |
| 15:33 | Build | Stone Wall |
| 15:55 | Queue | Scout Cavalry |
| 15:56 | Queue | Scout Cavalry |
| 15:56 | Queue | Scout Cavalry |
| 16:03 | Queue | Villager (Male) |
| 16:06 | Queue | Villager (Male) |
| 16:32 | Queue | Villager (Male) |
Build order — Beauvéro
88 actions detected in the replay
| 0:00 | Queue | Villager (Male) |
| 0:00 | Queue | Villager (Male) |
| 0:01 | Queue | Villager (Male) |
| 0:01 | Queue | Villager (Male) |
| 0:01 | Queue | Villager (Male) |
| 0:02 | Build | House |
| 0:03 | Build | House |
| 1:11 | Build | House |
| 1:28 | Queue | Villager (Male) |
| 2:10 | Queue | Villager (Male) |
| 2:20 | Queue | Villager (Male) |
| 2:42 | Build | Lumber Camp |
| 2:54 | Queue | Villager (Male) |
| 3:23 | Queue | Villager (Male) |
| 3:49 | Queue | Villager (Male) |
| 4:18 | Queue | Villager (Male) |
| 4:19 | Queue | Villager (Male) |
| 5:09 | Queue | Villager (Male) |
| 5:15 | Build | Mill |
| 5:34 | Queue | Villager (Male) |
| 5:55 | Queue | Villager (Male) |
| 5:56 | Research | Loom |
| 6:45 | Queue | Villager (Male) |
| 7:05 | Build | Palisade Wall |
| 7:07 | Build | Palisade Wall |
| 7:10 | Build | Palisade Wall |
| 7:11 | Build | Palisade Wall |
| 7:14 | Research | Feudal Age |
| 8:16 | Build | Palisade Wall |
| 8:18 | Build | Palisade Wall |
| 8:20 | Build | Palisade Wall |
| 8:26 | Build | Palisade Wall |
| 8:33 | Build | Palisade Wall |
| 8:35 | Build | Palisade Wall |
| 9:07 | Build | Palisade Wall |
| 9:10 | Build | Palisade Wall |
| 9:11 | Build | Palisade Wall |
| 9:24 | Age | Feudal Age |
| 9:31 | Queue | Villager (Male) |
| 9:32 | Queue | Villager (Male) |
| 9:33 | Research | Double-Bit Axe |
| 9:34 | Research | Horse Collar |
| 9:37 | Build | House |
| 10:01 | Build | House |
| 10:23 | Build | Barracks |
| 10:25 | Queue | Villager (Male) |
| 10:35 | Queue | Villager (Male) |
| 10:50 | Build | Palisade Wall |
| 11:00 | Build | Farm |
| 11:02 | Build | Farm |
| 11:04 | Queue | Villager (Male) |
| 11:07 | Build | House |
| 11:18 | Queue | Spearman |
| 11:22 | Build | House |
| 11:31 | Build | Farm |
| 11:33 | Queue | Villager (Male) |
| 11:43 | Build | Palisade Wall |
| 11:56 | Build | Farm |
| 12:01 | Build | Farm |
| 12:18 | Build | Palisade Wall |
| 12:25 | Queue | Spearman |
| 12:30 | Queue | Villager (Male) |
| 12:40 | Build | Watch Tower |
| 12:49 | Queue | Villager (Male) |
| 12:56 | Queue | Villager (Male) |
| 13:09 | Build | Mining Camp |
| 13:29 | Queue | Spearman |
| 13:29 | Queue | Villager (Male) |
| 13:33 | Build | House |
| 13:36 | Build | Palisade Gate |
| 13:46 | Build | Palisade Gate |
| 13:53 | Build | Palisade Wall |
| 13:55 | Queue | Villager (Male) |
| 14:11 | Build | Mining Camp |
| 14:12 | Queue | Villager (Male) |
| 14:27 | Queue | Villager (Male) |
| 14:35 | Queue | Villager (Male) |
| 14:55 | Build | House |
| 15:14 | Queue | Villager (Male) |
| 15:26 | Queue | Villager (Male) |
| 15:38 | Queue | Villager (Male) |
| 15:38 | Queue | Villager (Male) |
| 15:54 | Queue | Villager (Male) |
| 15:58 | Queue | Villager (Male) |
| 16:16 | Queue | Villager (Male) |
| 16:16 | Queue | Villager (Male) |
| 16:16 | Queue | Villager (Male) |
| 16:27 | Queue | Villager (Male) |
Match timeline
| 4:48 | Iam_SoBad · wall_segment Palisade Wall x8 |
| 5:03 | Iam_SoBad · wall_segment Palisade Wall x1 |
| 5:03 | Iam_SoBad · wall_segment Palisade Wall x1 |
| 5:04 | Iam_SoBad · wall_segment Palisade Wall x1 |
| 5:04 | Iam_SoBad · wall_segment Palisade Wall x1 |
| 5:06 | Iam_SoBad · wall_segment Palisade Wall x1 |
| 6:11 | Iam_SoBad · wall_segment Palisade Wall x1 |
| 6:12 | Iam_SoBad · wall_segment Palisade Wall x1 |
| 6:14 | Iam_SoBad · wall_segment Palisade Wall x1 |
| 6:27 | Iam_SoBad · wall_segment Palisade Wall x1 |
| 7:05 | Beauvéro · wall_segment Palisade Wall x1 |
| 7:07 | Beauvéro · wall_segment Palisade Wall x13 |
| 7:10 | Beauvéro · wall_segment Palisade Wall x1 |
| 7:11 | Beauvéro · wall_segment Palisade Wall x3 |
| 7:32 | Iam_SoBad · first_building Barracks |
| 8:16 | Beauvéro · wall_segment Palisade Wall x1 |
| 8:18 | Beauvéro · wall_segment Palisade Wall x3 |
| 8:20 | Beauvéro · wall_segment Palisade Wall x8 |
| 8:26 | Beauvéro · wall_segment Palisade Wall x3 |
| 8:33 | Iam_SoBad · age_up feudal |
| 8:33 | Beauvéro · wall_segment Palisade Wall x1 |
| 8:35 | Beauvéro · wall_segment Palisade Wall x4 |
| 8:41 | Iam_SoBad · first_building Stable |
| 9:07 | Beauvéro · wall_segment Palisade Wall x1 |
| 9:10 | Beauvéro · wall_segment Palisade Wall x2 |
| 9:11 | Beauvéro · wall_segment Palisade Wall x6 |
| 9:24 | Beauvéro · age_up feudal |
| 10:23 | Beauvéro · first_building Barracks |
| 10:50 | Beauvéro · wall_segment Palisade Wall x1 |
| 11:43 | Beauvéro · wall_segment Palisade Wall x1 |
| 12:18 | Beauvéro · wall_segment Palisade Wall x1 |
| 13:53 | Beauvéro · wall_segment Palisade Wall x1 |
| 15:28 | Iam_SoBad · wall_segment Stone Wall x1 |
| 15:29 | Iam_SoBad · wall_segment Stone Wall x1 |
| 15:33 | Iam_SoBad · wall_segment Stone Wall x1 |
| 16:32 | Beauvéro · resign |
[ AI ANALYSIS · 1 CREDIT ]
What really happened in this match?
Wolo.gg analyzes every decision: build order, eco, micro, common mistakes by bracket. Personalized analysis on WhatsApp or Discord in 30 seconds.
Civ guide
Mongols
Perfil
Jugador #9145390